AoeStats
← 文風

MegaRandom

506734735Analyzed
2v2 RM · 18d ago on Sep 14, 2026· 23m 5s· 4 players
Game mode
Random Map
Map size
Medium (4 player)
Population
200
Speed
Normal
Resources
Standard
Victory
Conquest
Starting age
Dark Age
Ending age
Imperial Age
RankedLock teamsTeams togetherTeam positionsShared explorationLock speedFull tech treeHidden civsTurbo modeCheats
Victory
Defeat
🇭🇰 Mongols · Hong Kong SAR China
1387
+15
🇪🇨 Vietnamese · Ecuador
1353
+15
🇺🇸 Italians · United States
1357
-15
🇺🇸 Khitans · United States
1356
-15
AoE2 SMURF POLICE
9:31 Feudal Age
10:02 Loom
10:49 Double-Bit Axe
13:22 Forging
21:40 Castle Age
19:45 Domestication
23:39 Scale Barding Armor
24:14 Iron Casting
Rothius
8:53 Feudal Age
7:38 Loom
12:13 Town Watch
14:45 Fletching
17:21 Double-Bit Axe
20:44 Castle Age
20:50 Padded Archer Armor
22:20 Bloodlines
21:33 Light Cavalry
Clint Southwood
8:18 Loom
10:20 Feudal Age
15:16 Castle Age
15:32 Fletching
文風
8:34 Feudal Age
9:20 Double-Bit Axe
10:07 Loom
12:15 Horse Collar
21:37 Castle Age
20:06 Gold Mining
21:09 Bloodlines
21:08 Scale Barding Armor
21:17 Forging
Connection lost

Rejoining the realm…

Still unreachable

The connection could not be restored.

Session expired

The server has moved on; the page needs a fresh start.